 Dungeon Crawl Stone Soup version 0.30-a0-1008-g30c9307041 (webtiles) character file.

Game seed: 5912854593978003026

8167 frogmoss10 the Severer (level 11, -2/93 (97) HPs)
             Began as a Hill Orc Fighter on Apr 5, 2023.
             Was an Elder of Beogh.
             Killed from afar by an orc sorcerer (21 damage)
             ... with a bolt of negative energy
             ... led by an orc warlord
             ... on level 1 of the Orcish Mines.
             The game lasted 00:38:09 (8693 turns).

frogmoss10 the Severer (Hill Orc Fighter)           Turns: 8693, Time: 00:38:10

HP:   -2/93 (97)    AC: 11    Str: 36    XL:     11   Next: 26%
MP:   0/12          EV: 10    Int:  8    God:    Beogh [****..]
Gold: 374           SH:  5    Dex: 10    Spells: 10/10 levels left

rFire   . . .      SeeInvis .    a - +4 war axe
rCold   . . .      Faith    .    c - +0 buckler
rNeg    . . .      Spirit   +    b - +0 scale mail
rPois   .          Reflect  .    (no helmet)
rElec   .          Rampage  .    D - +0 cloak
rCorr   .                        (no gloves)
Will    .....                    t - +0 pair of boots Stlth
                                 y - amulet of guardian spirit
HPRegen 0.35/turn                q - +6 ring of strength
MPRegen 0.13/turn                F - +6 ring of strength

@: mighty, studying Shields, lightly drained
A: no striking features
a: Renounce Religion, Smiting, Recall Orcish Followers


You were on level 1 of the Orcish Mines.
You worshipped Beogh.
Beogh was greatly pleased with you.
You visited 2 branches of the dungeon, and saw 11 of its levels.
You also visited: Ossuary.

You collected 719 gold pieces.
You spent 345 gold pieces at shops.

Inventory:

Hand Weapons
 a - a +4 war axe (weapon)
 C - a +2 quarterstaff of chaos
 P - a +4 dagger of chaos
 Q - a +5 trident of freezing
 S - a +0 halberd
 X - the +2 spear "Inkamei" {vamp, *Rage rElec Str+8 Dex-3}
   (You found it on level 10 of the Dungeon)

   Str:       It affects your strength (+8).
   Dex:       It affects your dexterity (-3).
   rElec:     It insulates you from electricity.
   *Rage:     It berserks you when you make melee attacks (+20% chance).
Missiles
 Y - a throwing net (quivered)
Armour
 b - a +0 scale mail (worn)
 c - a +0 buckler (worn)
 e - a +0 plate armour
 t - a +0 pair of boots (worn)
 D - a +0 cloak (worn)
 U - +0 acid dragon scales
Jewellery
 j - a ring of willpower
 n - a +4 ring of protection
 q - a +6 ring of strength (left hand)
 y - an amulet of guardian spirit (around neck)
 A - a +4 ring of protection
 F - a +6 ring of strength (right hand)
 R - a ring of willpower
 T - a +6 ring of dexterity
 V - an amulet of magic regeneration
Wands
 B - a wand of polymorph (22)
 L - a wand of mindburst (14)
 M - a wand of light (6)
 N - a wand of charming (9)
Scrolls
 g - 3 scrolls of immolation
 i - 11 scrolls of teleportation
 l - 4 scrolls of enchant armour
 m - 2 scrolls of brand weapon {unknown}
 o - a scroll of identify
 p - 2 scrolls of fog {unknown}
 r - 2 scrolls of blinking
 u - a scroll of poison
 v - a scroll of summoning
 w - 5 scrolls of magic mapping
 x - a scroll of acquirement {unknown}
 z - a scroll of torment {unknown}
 E - 5 scrolls of vulnerability
 J - 2 scrolls of fear {unknown}
 K - a scroll of silence {unknown}
 O - a scroll of enchant weapon
Potions
 d - a potion of might
 f - 3 potions of brilliance
 h - 8 potions of curing
 k - a potion of lignification
 s - a potion of flight
 G - 2 potions of heal wounds
 H - a potion of invisibility {unknown}
 I - 2 potions of haste
 W - a potion of experience {unknown}


   Skills:
 + Level 9.0 Fighting
 - Level 16.0 Axes
 * Level 10.2 Armour
 - Level 0.1 Dodging
 + Level 6.3 Shields
 + Level 1.7 Invocations


You had 10 spell levels left.
You didn't know any spells.
Your spell library contained the following spells:

 Spells                   Type           Power      Damage    Failure   Level
 Apportation              Tloc           0%         N/A       67%         1
 Magic Dart               Conj           0%         1d3       67%         1
 Necrotise                Necr           0%         1d4       67%         1
 Summon Small Mammal      Summ           0%         N/A       67%         1
 Searing Ray              Conj           0%         2d4       80%         2
 Frozen Ramparts          Ice            0%         1d1       95%         3
 Gell's Gravitas          Tloc           0%         N/A       95%         3
 Teleport Other           Tloc           0%         N/A       95%         3
 Cause Fear               Hex            0%         N/A       100%        4
 Fulminant Prism          Conj/Hex       0%         3d5       100%        4
 Ice Form                 Ice/Tmut       0%         N/A       100%        4
 Summon Ice Beast         Ice/Summ       0%         N/A       100%        4
 Dispersal                Tloc           0%         N/A       100%        6
 Dragon Form              Tmut           0%         N/A       100%        7
 Dragon's Call            Summ           0%         N/A       100%        9


Dungeon Overview and Level Annotations

Branches:
Dungeon (10/15)            Temple (0/1) D:4            Lair (0/5) D:9
    Orc (1/2) D:10        Ossuary (visited)

Altars:
Ashenzari
Fedhas
Gozag
Kikubaaqudgha
Makhleb
Qazlal
Sif Muna
Uskayaw
Wu Jian
Yredelemnul
The Shining One

Shops:
D:9 (   D:10 ([

Annotations:
D:9 3 runed translucent doors, mandarbmax's ghost, journeyman DrCj


Message History

Your orc hits the ogre but does no damage.
The orc sorcerer hits your orc wizard with a +0 dagger!
The orc warrior barely misses you.
The orc warrior hits your orc wizard with a +0 broad axe!
The orc warrior hits your orc with a +0 broad axe!
Your orc dies!
The orc warlord hits your orc wizard with a +1 great mace of protection!
Your orc warrior hits the orc with a +2 antimagic mace.
There is a stone staircase leading down here.
The orc warrior attacks as you move away!
The orc warrior hits you with a +0 broad axe!
The orc warrior barely misses your orc wizard.
The orc warrior hits your orc wizard with a +0 battleaxe!
Your orc wizard dies!
Harm hits the orc warlord with a +0 short sword!
The orc warrior throws a boomerang.
The boomerang hits you.
An orc comes into view. It is wielding a +0 whip.
The orc hits Harm with a +0 morningstar.
Your orc hits the ogre with a +0 whip.
Your orc warrior hits the orc with a +2 antimagic mace.
The orc sorcerer hits Harm with a +0 dagger!
There is a staircase back to the Dungeon here.
Harm hits the orc sorcerer with a +0 short sword.
The orc warrior throws a boomerang.
The boomerang misses you.
The orc wizard relaxes its fighting stance and smiles at you.
It shouts, "Surely Beogh must have sent you!"
The orc hits Harm with a +0 morningstar!
Your orc barely misses the orc warrior.
The orc warrior hits you with a +0 broad axe!!
* * * LOW HITPOINT WARNING * * *
The orc warrior hits your orc with a +0 broad axe!
Your orc dies!
The orc warrior closely misses Harm.
The orc sorcerer casts a spell at you.
The bolt of negative energy hits Harm!!
Harm is drained!
Harm dies!
The bolt of negative energy misses the orc warrior.
The bolt of negative energy hits you!!
You feel drained.
You die...
Beogh appreciates the orc sorcerer's killing of a heretic priest.

o.......)###.## #
..#o...o.#....#
#. #.....o..$....
... #....o.......
.)..#$..........#
...>O...........#
#....Ooo......#.
#...o)oo@.......
#....o)o).....#.
#...)ooo.....##
#..)......)...)..
#...........#....
##..............$
##.............#
##.........#..#


You could see an orc warlord (ally target), an orc sorcerer (strong), 4 orc
warriors, 2 ogres, 2 orc wizards, 3 orcs, 2 friendly orc warriors, a friendly
orc wizard and a friendly orc.

Vanquished Creatures
  2 two-headed ogres (D:10)
  Joseph (D:9)
  Psyche (D:9)
  A komodo dragon (D:9)
  A troll (D:10)
  A shadow (D:10)
  7 yaks (D:9)
  2 steam dragons (D:6)
  2 acid dragons
  A warg (Orc:1)
  A water moccasin (D:5)
  2 sky beasts
  2 ice beasts
  3 orc warriors
  2 black bears
  An ogre (D:5)
  3 centaurs
  A kobold brigand (D:8)
  2 bullfrogs
  11 scorpions
  A gnoll sergeant (D:7)
  9 wights (D:9)
  A howler monkey (D:9)
  3 centaur zombies (Ossuary)
  3 hounds
  A human zombie (Ossuary)
  Crazy Yiuf (D:4)
  5 orc priests
  5 jellies
  A sleepcap (D:7)
  4 scorpion zombies (Ossuary)
  4 iguanas
  4 orc wizards
  3 mummies (Ossuary)
  Robin (D:2)
  6 gnolls
  8 adders
  A white imp (D:6)
  An ufetubus (D:4)
  A worm (D:2)
  A dart slug (D:2)
  26 orcs
  8 endoplasms
  A giant cockroach (D:2)
  2 gnoll zombies (Ossuary)
  13 goblins
  8 hobgoblins
  14 jackals
  5 quokkas
  3 ball pythons
  5 bats
  4 frilled lizards
  3 hobgoblin zombies (Ossuary)
  9 kobolds
  3 kobold zombies (Ossuary)
  4 orc zombies (Ossuary)
  7 rats
226 creatures vanquished.

Vanquished Creatures (collateral kills)
  An unseen horror (D:10)
  3 yaks (D:9)
  A water moccasin (D:9)
  An orc warrior (Orc:1)
  A wight (D:9)
  A gnoll bouda (D:10)
  An orc wizard (Orc:1)
  A gnoll (D:10)
  3 orcs
  3 kobolds (D:8)
16 creatures vanquished.

Vanquished Creatures (others)
  An orc warrior (Orc:1)
  An orc knight (D:10)
  A human (D:7)
  2 orc wizards
  An orc priest (D:9)
  An adder (D:6)
  14 orcs
  A ball python (D:3)
  A quokka (D:3)
  3 plants (D:9)
26 creatures vanquished.

Grand Total: 268 creatures vanquished

Notes
Turn   | Place    | Note
-------+----------+-------------------------------------------
     0 | D:1      | frogmoss10 the Hill Orc Fighter began the quest for the
                  | Orb.
     0 | D:1      | Reached XP level 1. HP: 19/19 MP: 1/1
   132 | D:1      | Reached XP level 2. HP: 27/27 MP: 2/2
   299 | D:1      | Reached skill level 3 in Axes
   379 | D:1      | Reached XP level 3. HP: 32/33 MP: 3/3
   855 | D:2      | Noticed Robin
   864 | D:2      | Reached XP level 4. HP: 33/40 MP: 4/4
   867 | D:2      | Killed Robin
  1075 | D:3      | Reached skill level 4 in Axes
  1155 | D:3      | Became a worshipper of Beogh the Brigand
  1499 | D:3      | Reached XP level 5. HP: 46/46 MP: 5/5
  1546 | D:3      | Found an ornate altar of the Wu Jian Council.
  1584 | D:4      | Found a staircase to the Ecumenical Temple.
  1606 | D:4      | Reached skill level 5 in Axes
  1629 | D:4      | Found a stormy altar of Qazlal.
  1709 | D:4      | Reached * piety under Beogh
  1905 | D:4      | Noticed a centaur
  1908 | D:4      | Killed a centaur
  1909 | D:4      | Reached skill level 6 in Axes
  1909 | D:4      | Reached XP level 6. HP: 52/53 MP: 6/6
  1993 | D:4      | Found a runed translucent door.
  1994 | D:4      | Noticed Crazy Yiuf
  2033 | D:4      | Killed Crazy Yiuf
  2157 | D:5      | Entered Level 5 of the Dungeon
  2351 | D:5      | Reached skill level 7 in Axes
  2685 | D:5      | Reached XP level 7. HP: 60/60 MP: 7/7
  2731 | D:5      | Reached skill level 5 in Armour
  2736 | D:5      | Reached skill level 8 in Axes
  2918 | D:5      | Reached skill level 5 in Fighting
  3043 | D:5      | Reached ** piety under Beogh
  3046 | D:5      | Reached skill level 9 in Axes
  3114 | D:5      | Reached XP level 8. HP: 68/68 MP: 8/8
  3359 | D:6      | Reached skill level 10 in Axes
  3733 | D:6      | Reached skill level 11 in Axes
  4443 | D:7      | Found an ancient bone altar of Kikubaaqudgha.
  4453 | D:7      | Reached XP level 9. HP: 73/75 MP: 9/9
  4576 | D:7      | Reached skill level 12 in Axes
  4694 | D:7      | Found a sand-covered staircase.
  4699 | Ossuary  | Entered an ossuary
  4796 | Ossuary  | Reached *** piety under Beogh
  4820 | Ossuary  | Reached skill level 13 in Axes
  4859 | Ossuary  | Reached skill level 5 in Shields
  5539 | D:7      | Reached skill level 14 in Axes
  6047 | D:8      | Found a hide-covered altar of Uskayaw.
  6065 | D:8      | Reached XP level 10. HP: 43/84 MP: 4/10
  6065 | D:8      | Reached **** piety under Beogh
  6071 | D:8      | Gained Bogdar as an ally
  6317 | D:9      | Noticed Joseph
  6340 | D:9      | Killed Joseph
  6492 | D:9      | Noticed mandarbmax's ghost (journeyman DrCj)
  6494 | D:9      | Noticed a rakshasa
  6504 | D:9      | Found a runed translucent gate.
  6504 | D:9      | Found a runed translucent gate.
  6504 | D:9      | Found a runed translucent gate.
  6522 | D:9      | Noticed Psyche
  6532 | D:9      | Your ally Bogdar died
  6541 | D:9      | Reached skill level 15 in Axes
  6548 | D:9      | Killed Psyche
  6808 | D:9      | Found an opulent altar of Gozag.
  6808 | D:9      | Found a shimmering blue altar of Sif Muna.
  6812 | D:9      | Found a glowing golden altar of the Shining One.
  6812 | D:9      | Found a basalt altar of Yredelemnul.
  6818 | D:9      | Found a blossoming altar of Fedhas.
  6859 | D:9      | Found Zefymog's Weapon Shop.
  7001 | D:9      | Found a staircase to the Lair.
  7007 | D:9      | Reached skill level 16 in Axes
  7438 | D:10     | Entered Level 10 of the Dungeon
  7452 | D:10     | Found Wefivian's Armour Emporium.
  7454 | D:10     | Found a staircase to the Orcish Mines.
  7455 | D:10     | Found Puihysom's Weapon Emporium.
  7470 | D:10     | Reached skill level 1 in Invocations
  7519 | D:10     | Reached XP level 11. HP: 61/95 MP: 12/12
  7583 | D:10     | Reached ***** piety under Beogh
  7633 | D:10     | Bought a +0 plate armour for 345 gold pieces
  7710 | D:10     | Found a broken altar of Ashenzari.
  8091 | D:10     | Identified the +2 spear "Inkamei" {vamp, *Rage rElec Str+8
                  | Dex-3}
  8168 | D:10     | Noticed a two-headed ogre
  8177 | D:10     | Killed a two-headed ogre
  8177 | D:10     | Gained Harm as an ally
  8259 | D:10     | Noticed a two-headed ogre
  8270 | D:10     | Killed a two-headed ogre
  8271 | D:10     | Reached skill level 10 in Armour
  8654 | D:10     | Found a burning altar of Makhleb.
  8683 | Orc:1    | Entered Level 1 of the Orcish Mines
  8683 | Orc:1    | Noticed an orc warlord
  8684 | Orc:1    | Noticed an orc sorcerer
  8693 | Orc:1    | Your ally Harm died
  8693 | Orc:1    | Killed from afar by an orc sorcerer

Illustrated notes

Levels and vault maps discovered:
D:1:      giann_horns, layout_rooms
D:2:      layout_basic, minmay_strange_pillars, uniq_robin
D:3:      layout_rooms, nzn_wu_jian_council_hall, serial_glass, glass_columns_a,
          glass_columns_a, minmay_strange_pillars, minmay_strange_pillars,
          feat_on_display
D:4:      layout_rooms, mainiacjoe_overflow_paths, temple_pool_b,
          kennysheep_small_square, uniq_crazy_yiuf_cottage
D:5:      minmay_recursive_quarters, layout_loops_ring
D:6:      layout_gridville, minmay_manual_moon
D:7:      layout_cave_pods, tgw_kikubaaqudgha, nicolae_ossuary_entry_monument
D:8:      layout_gridville, mainiacjoe_overflow_small_starburst,
          serial_park_tiny_1
D:9:      layout_gridville, overflow_temple_1_default,
          grunt_temple_overflow_open, david_lair_shrubbed, serial_shops,
          nicolae_take_the_stairs, gammafunk_ghost_split, uniq_psyche,
          uniq_joseph
D:10:     layout_small_grid, lightli_temple_of_fire, old_standard_altar,
          orc_david_3
Orc:1:    layout_caves, kennysheep_orc_sif_temple

Skill      XL: |  1  2  3  4  5  6  7  8  9 10 11 |
---------------+----------------------------------+-----
Axes           | 3 4 6 7 9 11 14 16 | 16.0
Fighting       | 4 5 6 8 9 |  9.0
Armour         | 4 5 6 7 9 10 | 10.2
Shields        | 4 5 6 |  6.3
Invocations    | 1 |  1.7
Dodging        | |  0.1

Action                     |  1- 3 |  4- 6 |  7- 9 | 10-12 || total
---------------------------+-------+-------+-------+-------++-------
  Melee: War axe           |    98 |   107 |   226 |   130 ||   561
 Invoke: Convert to Beogh  |       |     1 |       |       ||     1
         Recall Orcish Fol |       |       |       |     2 ||     2
         Smiting           |       |       |       |     1 ||     1
    Use: Scroll            |     8 |     4 |     7 |     1 ||    20
         Potion            |       |     3 |     6 |     3 ||    12
   Stab: Confused          |       |       |       |     1 ||     1
         Distracted        |       |       |       |     1 ||     1
 Armour: Scale mail        |    30 |    59 |   105 |    42 ||   236
         Chain mail        |     7 |       |       |       ||     7
         Skin              |       |       |     9 |       ||     9
  Dodge: Dodged            |    46 |    44 |   110 |    43 ||   243
  Block: Buckler           |    18 |    22 |    52 |    28 ||   120

Table legend: (Time is in decaauts)
 A = Elapsed time spent in this place.
 B = Non-inter-level travel time spent in this place.
 C = Inter-level travel time spent in this place.
 D = Time resting spent in this place.
 E = Time spent auto-exploring this place.
 F = Levels seen in this place.
 G = Mean time per level.
                   A        B        C        D        E       F      G
               +--------+--------+--------+--------+--------+-----+--------+
         Total |   8701 |   8384 |    317 |    434 |   6507 |  12 |  725.1 |
       Dungeon |   8357 |   8040 |    317 |    434 |   6316 |  10 |  835.7 |
  Orcish Mines |      8 |      8 |      0 |      0 |      0 |   1 |    8.0 |
       Ossuary |    335 |    335 |      0 |      0 |    191 |   1 |  335.0 |
               +--------+--------+--------+--------+--------+-----+--------+

Top non-repeatable levels by time:
    D:10: 1234 daAuts
     D:5: 1153 daAuts
     D:9: 1130 daAuts
     D:6: 1074 daAuts
     D:7: 1019 daAuts
     D:4: 596 daAuts
     D:1: 569 daAuts
     D:3: 553 daAuts
     D:8: 526 daAuts
     D:2: 499 daAuts
 Ossuary: 335 daAuts
   Orc:1: 8 daAuts
